 Dungeon Crawl Stone Soup version 0.29-a0-330-g52719c12eb (webtiles) character file.

Game seed: 7721031501717087614

2510 kae the Firebug (level 9, -7/68 HPs)
             Began as a Demigod Fire Elementalist on Apr 18, 2022.
             Mangled by an orc warrior
             ... wielding a +0 mace
              (10 damage)
             ... on level 7 of the Dungeon.
             The game lasted 00:05:20 (9607 turns).

kae the Firebug (Demigod Fire Elementalist)         Turns: 9607, Time: 00:05:20

Health: -7/68      AC:  3    Str: 13    XL:     9   Next: 7%
Magic:  5/20       EV: 13    Int: 29    God:
Gold:   610        SH:  0    Dex: 14    Spells: 5/18 levels left

rFire   . . .      SeeInvis .   c - +3 dagger "Zuaro" {vamp, rPois Str+4}
rCold   . . .      Faith    .   (no shield)
rNeg    + . .      Spirit   .   a - +1 robe
rPois   +          Reflect  .   (no helmet)
rElec   .          Harm     .   (no cloak)
rCorr   .          Rampage  .   (no gloves)
Will    +....                   (no boots)
Stlth   ++........              e - amulet of regeneration
HPRegen 1.01/turn               i - ring of willpower
MPRegen 0.17/turn               h - ring of positive energy

@: no status effects
A: high MP 1, forlorn, divine attributes
a: no special abilities


You were on level 7 of the Dungeon.
You visited 1 branch of the dungeon, and saw 7 of its levels.
You also visited: Ossuary.

You collected 610 gold pieces.

Inventory:

Hand Weapons
 c - the +3 dagger "Zuaro" (weapon) {vamp, rPois Str+4}
   (You found it on level 2 of the Dungeon)

   It occasionally heals its wielder for a portion of the damage dealt when it
   wounds a living foe.
   Str:       It affects your strength (+4).
   rPois:     It protects you from poison.
 f - a +1 hand axe
Missiles
 j - 2 throwing nets
Armour
 a - a +1 robe (worn)
Jewellery
 e - an amulet of regeneration (around neck)
 h - a ring of positive energy (right hand)
 i - a ring of willpower (left hand)
 w - a ring of poison resistance
 A - a ring of flight
 C - a ring of resist corrosion
Wands
 r - a wand of digging (3)
 y - a wand of flame (33)
Scrolls
 g - 3 scrolls of amnesia
 l - 2 scrolls of teleportation
 m - 2 scrolls of blinking
 o - a scroll of enchant armour
 p - a scroll of magic mapping
 x - 3 scrolls of identify
 z - a scroll of immolation {unknown}
 D - a scroll of brand weapon {unknown}
Potions
 b - a potion of magic
 d - 4 potions of curing
 k - a potion of haste {unknown}
 n - 2 potions of attraction
 q - 2 potions of flight
 s - 2 potions of invisibility
 t - a potion of berserk rage {unknown}
 u - a potion of ambrosia {unknown}
 v - a potion of might {unknown}
 B - 2 potions of heal wounds


   Skills:
 + Level 2.5 Fighting
 + Level 2.6 Armour
 + Level 3.3 Dodging
 - Level 1.7 Stealth
 - Level 5.2 Spellcasting
 - Level 5.3 Conjurations
 - Level 7.5 Fire Magic


You had 5 spell levels left.
You knew the following spells:

 Your Spells              Type           Power      Damage    Failure   Level
a - Foxfire               Conj/Fire      100%       2x1d9     1%          1
b - Scorch                Fire           100%       2d10      1%          2
c - Conjure Flame         Conj/Fire      45%        6-21      1%          3
d - Inner Flame           Hex/Fire       29%        N/A       3%          3
e - Flame Wave            Conj/Fire      45%        2d10      4%          4

Your spell library contained the following spells:

 Spells                   Type           Power      Damage    Failure   Level
 Shock                    Conj/Air       92%        1d8       1%          1
 Static Discharge         Conj/Air       23%        N/A       3%          2
 Pain                     Necr           28%        1d5       6%          1
 Swiftness                Air            7%         N/A       19%         3
 Lightning Bolt           Conj/Air       11%        1d24      50%         5
 Airstrike                Air            3%         N/A       52%         4
 Agony                    Necr           7%         N/A       86%         5
 Excruciating Wounds      Necr           3%         N/A       86%         5
 Maxwell's Capacitive Co  Air            3%         ∞         100%        8


Dungeon Overview and Level Annotations

Branches:
Dungeon (7/15)             Temple (0/1) D:7         Ossuary (visited)


Innate Abilities, Weirdness & Mutations

You have an increased reservoir of magic. (+10% MP)
You shall have no god before yourself.
Your divine heritage dramatically boosts your attributes as you level up.


Message History

The foxfire hits the orc warrior.
The orc warrior is almost dead.
The orc warrior drinks a potion.
The orc warrior is healed!
Casting: Foxfire (safe; 1% risk of failure)
Confirm with . or Enter, or press ? or * to list all spells.
You conjure some foxfire!
The foxfire hits the orc warrior.
The orc warrior is lightly wounded.
The foxfire hits the orc warrior.
The orc warrior is moderately wounded.
Casting: Foxfire (safe; 1% risk of failure)
Confirm with . or Enter, or press ? or * to list all spells.
Flames lash the orc.
You kill the orc!
The orc warrior closely misses you.
You see here a +1 dagger of protection.
Things that are here:
a +0 dagger; a +0 leather armour; an orc skeleton The orc warrior misses you.
The orc warrior attacks as you move away!
The orc warrior hits you with a +0 mace!
The orc warrior attacks as you move away!
The orc warrior hits you with a +0 mace!
The orc warrior attacks as you move away!
The orc warrior misses you.
The orc warrior attacks as you move away!
The orc warrior barely misses you.
The orc warrior attacks as you move away!
The orc warrior hits you with a +0 mace!
Items here: )))) [ ÷÷.
Casting: Scorch (safe; 1% risk of failure)
Confirm with . or Enter, or press ? or * to list all spells.
The fire begins to smoulder!
The orc warrior hits you with a +0 mace!
Casting: Conjure Flame (safe; 1% risk of failure)
Confirm with . or Enter, or press ? or * to list all spells.
The fire ignites!
You are engulfed in blazing flames.
* * * LOW HITPOINT WARNING * * *
The orc warrior hits you with a +0 mace!
You die...

#.#.....####
#.#.....#
#.#..<<.#
#....##.#
###.....# #####
#.##### #...#
####.# #...#
#.)..# #...#
#@######
#...###o#....#
#..........#.#
###.##.....#.#
#.##..##...#
#.#
#....)÷..###
#.# #........#
#.# ##.......#
#.#
#......########
#.#


You could see an orc warrior.

Vanquished Creatures
  A water moccasin (D:5)
  Duvessa (D:5)
  4 black bears
  A sky beast (D:4)
  A centaur (D:6)
  A kobold brigand (D:6)
  2 bullfrogs
  3 scorpions
  Dowan (D:5)
  8 killer bees
  6 howler monkeys
  4 orc priests
  3 hounds
  A jelly (D:6)
  5 orc wizards
  2 iguanas (D:5)
  8 mummies (Ossuary)
  8 adders
  6 gnolls
  A shadow imp (D:5)
  2 white imps
  2 ufetubi
  2 worms
  3 dart slugs
  10 orcs
  5 ball pythons
  5 endoplasms
  3 giant cockroaches
  A gnoll zombie (Ossuary)
  7 goblins
  5 hobgoblins
  7 kobolds
  4 quokkas
  5 bats
  4 frilled lizards
  4 hobgoblin zombies (Ossuary)
  2 kobold zombies (Ossuary)
  An orc zombie (Ossuary)
  5 rats
144 creatures vanquished.

Vanquished Creatures (others)
  477 foxfires
477 creatures vanquished.

Grand Total: 621 creatures vanquished

Notes
Turn   | Place    | Note
-------+----------+-------------------------------------------
     0 | D:1      | kae the Demigod Fire Elementalist began the quest for the
                  | Orb.
     0 | D:1      | Reached XP level 1. HP: 14/14 MP: 5/5
   150 | D:1      | Reached skill level 1 in Conjurations
   476 | D:1      | Reached skill level 3 in Fire Magic
   908 | D:1      | Reached XP level 2. HP: 20/20 MP: 5/7
  1834 | D:2      | Reached XP level 3. HP: 26/26 MP: 5/8
  1880 | D:2      | Learned a level 2 spell: Scorch
  2105 | D:2      | Identified the +3 dagger "Zuaro" {vamp, rPois Str+4}
  2670 | D:2      | Reached XP level 4. HP: 33/33 MP: 8/10
  3357 | D:3      | Identified the +2 robe of the Ladybird {Harm Rampage Will-
                  | Slay+6}
  3546 | D:3      | Learned a level 3 spell: Conjure Flame
  3830 | D:3      | Reached skill level 4 in Fire Magic
  4652 | D:4      | Noticed a sky beast
  4750 | D:4      | Reached XP level 5. HP: 38/38 MP: 8/12
  5387 | D:4      | Killed a sky beast
  5388 | D:4      | Reached skill level 5 in Fire Magic
  5388 | D:4      | Reached XP level 6. HP: 37/45 MP: 5/14
  5472 | D:5      | Entered Level 5 of the Dungeon
  5776 | D:5      | Reached XP level 7. HP: 30/50 MP: 4/15
  6062 | D:5      | Reached skill level 6 in Fire Magic
  6244 | D:5      | Noticed Dowan
  6270 | D:5      | Killed Dowan
  6332 | D:5      | Noticed Duvessa
  6341 | D:5      | Killed Duvessa
  6814 | D:6      | Found a sand-covered staircase.
  6819 | Ossuary  | Entered an ossuary
  7238 | Ossuary  | Reached XP level 8. HP: 57/57 MP: 12/18
  7384 | D:6      | Reached skill level 7 in Fire Magic
  7688 | D:6      | Learned a level 3 spell: Inner Flame
  7693 | D:6      | Learned a level 4 spell: Flame Wave
  7959 | D:6      | Reached skill level 5 in Conjurations
  8000 | D:6      | Reached skill level 5 in Spellcasting
  8746 | D:7      | Reached skill level 1 in Fighting
  8746 | D:7      | Reached skill level 1 in Armour
  9366 | D:7      | Reached XP level 9. HP: 32/67 MP: 16/20
  9477 | D:7      | Found a staircase to the Ecumenical Temple.
  9607 | D:7      | HP: 2/68 [cloud of flame (31)]
  9607 | D:7      | Mangled by an orc warrior

Illustrated notes

Levels and vault maps discovered:
D:1:      kennysheep_arrival_seaside, layout_loops_corners,
          corexii_corridor_pit, dreamdust_princess_corridor,
          minmay_tiny_reverse_x
D:2:      layout_loops_corners, hellmonk_ecumenical_altar_inner_sanctum,
          kennysheep_generic_room_10, uniq_crazy_yiuf_cottage
D:3:      layout_loops_ring, marbit_many_paths
D:4:      layout_loops_ring, mainiacjoe_overflow_surrounded_room,
          mainiacjoe_overflow_catwalk
D:5:      layout_basic, roderic_three_in_a_row, dreamdust_wishing_well,
          uniq_duvessa
D:6:      nicolae_cairo_tiling, layout_basic, kennysheep_okawaru_gauntlet,
          enter_ossuary_5
D:7:      layout_basic, minmay_temple_entry_large_hall

Skill      XL: |  1  2  3  4  5  6  7  8 |
---------------+-------------------------+-----
Conjurations   | 1 2 3 4 5 |  5.3
Fire Magic     | 3 4 5 6 7 |  7.5
Spellcasting   | 2 3 4 5 |  5.2
Dodging        | 3 |  3.3
Fighting       | 2 |  2.5
Armour         | 2 |  2.6
Stealth        | |  1.7

Action                   |  1- 3 |  4- 6 |  7- 9 || total
-------------------------+-------+-------+-------++-------
Melee: Unarmed           |    52 |       |       ||    52
       Punch             |     1 |       |       ||     1
       Hand axe          |    12 |       |       ||    12
       Dagger            |    10 |     3 |     1 ||    14
 Cast: Foxfire           |    63 |    76 |   145 ||   284
       Scorch            |       |    20 |    64 ||    84
       Conjure Flame     |       |     2 |     7 ||     9
       Inner Flame       |       |       |     2 ||     2
  Use: Scroll            |     2 |     4 |     6 ||    12
       Potion            |       |       |     1 ||     1
 Stab: Sleeping          |     1 |       |     1 ||     2
Armor: Robe              |    16 |     4 |     7 ||    27
Dodge: Dodged            |    68 |    29 |    45 ||   142

Table legend: (Time is in decaauts)
 A = Elapsed time spent in this place.
 B = Non-inter-level travel time spent in this place.
 C = Inter-level travel time spent in this place.
 D = Time resting spent in this place.
 E = Time spent auto-exploring this place.
 F = Levels seen in this place.
 G = Mean time per level.
                   A        B        C        D        E       F      G
               +--------+--------+--------+--------+--------+-----+--------+
         Total |   9612 |   9252 |    360 |    967 |   6923 |   8 | 1201.5 |
       Dungeon |   9064 |   8704 |    360 |    909 |   6585 |   7 | 1294.9 |
       Ossuary |    547 |    547 |      0 |     58 |    338 |   1 |  547.0 |
               +--------+--------+--------+--------+--------+-----+--------+

Top non-repeatable levels by time:
     D:1: 1734 daAuts
     D:2: 1447 daAuts
     D:6: 1393 daAuts
     D:3: 1279 daAuts
     D:5: 1265 daAuts
     D:4: 1015 daAuts
     D:7: 928 daAuts
 Ossuary: 547 daAuts
